 Dungeon Crawl Stone Soup version 0.18.1-47-g9310371 (webtiles) character file.

46811 juanjsm the Unseen (level 14, -3/53 HPs)
             Began as a Spriggan Enchanter on June 18, 2016.
             Was the Champion of Okawaru.
             Rolled over by a boulder beetle (36 damage)
             ... on level 8 of the Lair of Beasts on June 20, 2016.
             The game lasted 01:42:39 (18039 turns).

juanjsm the Unseen (Spriggan Enchanter)            Turns: 18039, Time: 01:42:39

Health: -3/53      AC:  6    Str:  6    XL:     14   Next: 6%
Magic:  12/31      EV: 29    Int: 22    God:    Okawaru [******]
Gold:   1414       SH:  0    Dex: 21    Spells: 5 memorised, 25 levels left

rFire  . . .     SeeInvis +     b - +8 quick blade
rCold  . . .     Gourm    .     F - +2 robe {Archmagi}
rNeg   . . .     Faith    .     (shield restricted)
rPois  +         Spirit   .     q - +2 hat {Int+3}
rElec  .         Dismiss  .     (no cloak)
rCorr  .         Reflect  .     (gloves unavailable)
SustAt +         Harm     .     (boots unavailable)
MR     ++...                    z - amulet of regeneration (curse)
Stlth  +++++++++.               k - ring of sustain attributes
                                v - ring of poison resistance

@: studying Short Blades, very quick, very resistant to hostile enchantments,
incredibly stealthy
A: unfitting armour, see invisible, agile 1, herbivore 3, speed 3, frail 2, slow
metabolism 2, strong 1
a: Heroism, Finesse, Renounce Religion


You were on level 8 of the Lair of Beasts.
You worshipped Okawaru.
Okawaru was exalted by your worship.
You were very full.

You visited 3 branches of the dungeon, and saw 21 of its levels.

You collected 1414 gold pieces.

Inventory:

Hand Weapons
 b - a +8 quick blade (weapon)
 x - the +1 arbalest of the Radish {elec, MP+9 Str+7}
   (Okawaru gifted it to you on level 7 of the Lair of Beasts)

   It charges the ammunition it shoots with electricity; occasionally upon a
   hit, such missiles may discharge and cause terrible harm.
   It affects your strength (+7).
   It affects your magic capacity (+9).
Missiles
 p - 3 silver tomahawks (quivered)
Armour
 q - a +2 hat of intelligence (worn)
 F - a +2 robe of the Archmagi (worn)
Magical Staves
 o - an uncursed staff of earth {unknown}
Jewellery
 k - a ring of sustain attributes (right hand)
 v - a ring of poison resistance (left hand)
 z - a cursed amulet of regeneration (around neck)
 T - an uncursed amulet of guardian spirit
Wands
 c - a wand of acid (7/15)
 h - a wand of flame (24/48)
 w - a wand of paralysis (15/24)
 C - a wand of lightning (6/15)
 G - a wand of flame (3/48)
 N - a wand of disintegration (6/24)
 P - a wand of iceblast (5/15)
 Z - a wand of disintegration (9/24)
Scrolls
 a - 2 scrolls of identify
 e - 3 scrolls of blinking
 f - 12 scrolls of teleportation
 g - a scroll of remove curse
 m - 4 scrolls of random uselessness {unknown}
 r - 2 scrolls of noise {unknown}
 s - 5 scrolls of fog
 t - a scroll of holy word {unknown}
 y - a scroll of fear {unknown}
 A - a scroll of magic mapping {unknown}
 K - a scroll of torment {unknown}
 R - 2 scrolls of immolation {unknown}
 S - 2 scrolls of summoning {unknown}
 Y - 2 scrolls of recharging {unknown}
Potions
 i - 3 potions of ambrosia
 j - 5 potions of curing
 l - 2 potions of magic
 n - 3 potions of flight
 u - a potion of might
 B - a potion of lignification
 H - 2 potions of haste
 I - 5 potions of cancellation
 J - 4 potions of resistance
 O - 5 potions of agility
 U - 2 potions of heal wounds
 X - a potion of brilliance
Books
 M - a manual of Short Blades
Miscellaneous
 D - a sack of spiders
 L - a plain deck of escape
 Q - a crystal ball of energy
 V - an ornate deck of destruction {the Orb}
Comestibles
 d - 12 bread rations
 E - 19 fruits


   Skills:
 * Level 4.6 Fighting
 * Level 11.4 Short Blades
 + Level 11.1 Dodging
 + Level 19.2 Stealth
 + Level 12.2 Spellcasting
 + Level 0.4 Conjurations
 - Level 10.9 Hexes
 - Level 5.3 Ice Magic
 * Level 8.1 Evocations


You had 25 spell levels left.
You knew the following spells:

 Your Spells              Type           Power        Failure   Level  Hunger
a - Corona                Hex            #######      1%          1    None
b - Ensorcelled Hibernat  Hex/Ice        ######       1%          2    None
c - Confuse               Hex            #######.     1%          3    None
d - Dazzling Spray        Conj/Hex       ######       1%          3    None
e - Tukima's Dance        Hex            #######.     1%          3    None


Dungeon Overview and Level Annotations

Branches:
Dungeon (12/15)            Temple (1/1) D:7            Lair (8/8) D:11
  Swamp (0/4) Lair:5        Snake (0/4) Lair:3        Slime (0/6) Lair:6
    Orc (0/2) D:10

Altars:
Ashenzari
Cheibriados
Dithmenos
Elyvilon
Fedhas
Gozag
Makhleb
Nemelex Xobeh
Okawaru
Pakellas
Qazlal
Ru
Sif Muna
Trog
Vehumet
Xom
Yredelemnul
Zin
The Shining One
Jiyva

Shops:
D:6 *   D:9 }   D:11 [


Innate Abilities, Weirdness & Mutations

You are tiny and cannot use many weapons and most armour.
You have supernaturally acute eyesight.
You are a herbivore.
You cover ground extremely quickly.
You need consume almost no food.
You are agile. (Dex +2)
You are very frail (-20% HP).
Your muscles are strong. (Str +2)


Message History

Press: ? - help, Shift-Dir - straight line, f/p - yak
Aim: a yak (moderately wounded, chance to defeat MR: 72%)
You feel a surge of power!
The yak looks drowsy...
The wolf misses you.
The boulder beetle curls into a ball and starts rolling!
The boulder beetle smashes into the fungus!
The fungus is destroyed!
The wolf closely misses you.
The helpless yak fails to defend itself.
You stick the yak like a pincushion!!!!!
You kill the yak!
Okawaru accepts your kill.
Casting: Ensorcelled Hibernation
Confirm with . or Enter, or press ? or * to list all spells.
Aiming: Ensorcelled Hibernation
Press: ? - help, Shift-Dir - straight line, f - boulder beetle
Aim: a boulder beetle (rolling, chance to defeat MR: 55%)
You feel a surge of power!
The boulder beetle looks drowsy...
The boulder beetle smashes into you!
Ouch! That really hurt!
You die...

#.P................
#P##...............
####...............
#................
#................
##P...............
#..........
#.†§.......
#@B........
##h...#...#
....#..P.P
##...##..PP
.P.#...BPP
..........
##..P...... ..PP ..


You could see a boulder beetle (sleeping) and a wolf.

Vanquished Creatures
  Rupert (Lair:6)
  Gastronok (D:8)
  The ghost of Malvoorn the Brawler, a journeyman TrMo (Lair:4)
  Snorg (D:10)
  Josephine (D:10)
  A hydra (Lair:5)
  The ghost of Arantyr the Unseen, a journeyman SpEn (Lair:4)
  6 death yaks
  A hill giant (D:10)
  A cyclops (D:11)
  Psyche (D:11)
  4 black mambas
  A centaur skeleton (D:11)
  2 gargoyles
  15 spiny frogs
  2 rime drakes
  9 komodo dragons
  5 trolls
  26 blink frogs
  Sigmund (D:4)
  A spriggan (D:7)
  5 wraiths (D:10)
  35 yaks
  The ghost of n0ize the Skirmisher, an amateur CeFi (D:4)
  3 basilisks
  5 hippogriffs
  3 hungry ghosts
  Edmund (D:6)
  2 nagas (Lair:3)
  Menkaure (D:4)
  Duvessa (D:5)
  13 water moccasins
  15 porcupines
  4 sky beasts
  2 ice beasts (D:10)
  4 orc warriors
  A black bear (Lair:3)
  An eye of draining (D:9)
  3 phantoms
  5 centaurs
  9 ogres
  7 wolves
  2 necrophages
  13 crocodiles
  4 big kobolds
  14 giant frogs
  Dowan (D:5)
  A water moccasin zombie (D:8)
  A water moccasin skeleton (D:7)
  5 scorpions
  9 killer bees
  2 electric eels
  2 howler monkeys
  4 crimson imps
  2 centaur zombies (D:9)
  3 jellies
  A quasit (D:9)
  A giant frog zombie (D:6)
  An orc priest (D:7)
  13 hounds
  A gnoll shaman (D:9)
  5 orc wizards
  2 giant frog skeletons
  Ijyb (D:2)
  15 iguanas
  5 worker ants
  8 sheep (Lair:3)
  3 hound skeletons
  Robin (D:4)
  12 gnolls
  A howler monkey zombie (D:9)
  13 adders
  18 river rats
  2 shadow imps
  An ooze (D:4)
  A worm (D:6)
  3 dart slugs (D:2)
  4 giant geckos
  16 orcs
  2 giant cockroaches
  13 goblins
  16 hobgoblins
  10 jackals
  A quokka (D:3)
  2 ball pythons
  10 bats
  7 giant newts
  A jackal skeleton (D:5)
  11 kobolds
  A quokka skeleton (D:5)
  A quokka zombie (D:9)
  10 rats
479 creatures vanquished.

Vanquished Creatures (others)
  An orc priest (D:6)
  18 fungi
  13 plants
32 creatures vanquished.

Grand Total: 511 creatures vanquished

Notes
Turn   | Place    | Note
--------------------------------------------------------------
     0 | D:1      | juanjsm the Spriggan Enchanter began the quest for the Orb.
     0 | D:1      | Reached XP level 1. HP: 9/9 MP: 5/5
   121 | D:2      | Reached XP level 2. HP: 13/13 MP: 6/6
   125 | D:2      | Learned a level 2 spell: Ensorcelled Hibernation
   752 | D:2      | Reached XP level 3. HP: 16/16 MP: 5/8
   757 | D:2      | Learned a level 3 spell: Confuse
   763 | D:2      | Noticed Ijyb
   765 | D:2      | Reached skill level 5 in Stealth
   872 | D:2      | Killed Ijyb
   872 | D:2      | Reached XP level 4. HP: 21/21 MP: 6/9
  1679 | D:3      | Reached skill level 6 in Stealth
  1703 | D:3      | Reached XP level 5. HP: 24/24 MP: 8/11
  1832 | D:4      | Noticed n0ize's ghost (amateur CeFi)
  1957 | D:4      | Noticed Robin
  1967 | D:4      | Killed Robin
  2368 | D:3      | Learned a level 3 spell: Dazzling Spray
  2558 | D:4      | Reached skill level 7 in Stealth
  2558 | D:4      | Reached skill level 1 in Ice Magic
  2558 | D:4      | Reached XP level 6. HP: 29/29 MP: 12/12
  2748 | D:4      | Noticed Menkaure
  2889 | D:4      | Noticed Sigmund
  2892 | D:4      | Killed Sigmund
  2892 | D:4      | Reached skill level 5 in Hexes
  3158 | D:4      | Killed n0ize's ghost
  3158 | D:4      | Reached skill level 8 in Stealth
  3158 | D:4      | Reached XP level 7. HP: 11/32 MP: 9/14
  3297 | D:4      | Killed Menkaure
  3335 | D:4      | Reached skill level 9 in Stealth
  3426 | D:5      | Entered Level 5 of the Dungeon
  3488 | D:5      | Reached skill level 5 in Spellcasting
  3564 | D:5      | Noticed Duvessa
  3568 | D:5      | Noticed Dowan
  3597 | D:5      | Killed Duvessa
  3597 | D:5      | Reached XP level 8. HP: 37/37 MP: 5/16
  3613 | D:5      | Killed Dowan
  3768 | D:5      | Found a glowing golden altar of the Shining One.
  3791 | D:5      | Reached skill level 10 in Stealth
  4171 | D:6      | Found Luav's General Store.
  4194 | D:7      | Reached skill level 5 in Short Blades
  4383 | D:6      | Noticed Edmund
  4385 | D:6      | Killed Edmund
  4385 | D:6      | Reached skill level 11 in Stealth
  4385 | D:6      | Reached XP level 9. HP: 40/40 MP: 20/20
  4391 | D:6      | Found a shattered altar of Ashenzari.
  4526 | D:6      | Reached skill level 5 in Dodging
  4602 | D:7      | Found an iron altar of Okawaru.
  4616 | D:7      | Became a worshipper of Warmaster Okawaru
  5530 | D:6      | Reached * piety under Okawaru
  5530 | D:6      | Reached skill level 12 in Stealth
  6226 | D:7      | Found a staircase to the Ecumenical Temple.
  6235 | Temple   | Entered the Ecumenical Temple
  6418 | D:8      | Found a basalt altar of Yredelemnul.
  6426 | D:8      | Reached ** piety under Okawaru
  6481 | D:8      | Reached XP level 10. HP: 44/44 MP: 21/23
  6607 | D:8      | Reached skill level 13 in Stealth
  6689 | D:8      | Noticed Gastronok
  6718 | D:8      | HP: 2/66 [Gastronok (19)]
  6731 | D:8      | Killed Gastronok
  6731 | D:8      | Reached *** piety under Okawaru
  6731 | D:8      | Reached skill level 1 in Fighting
  7194 | D:10     | Entered Level 10 of the Dungeon
  7203 | D:10     | Noticed Josephine
  7271 | D:9      | Reached skill level 14 in Stealth
  7331 | D:9      | Reached **** piety under Okawaru
  7568 | D:9      | Reached XP level 11. HP: 49/49 MP: 11/25
  7603 | D:9      | Found an oddly glowing altar of Pakellas.
  7603 | D:9      | Found Pakellas's Prime Provisions.
  7807 | D:9      | Gained mutation: Your muscles are strong. (Str +2) [potion of mutation]
  7807 | D:9      | Gained mutation: You are agile. (Dex +2) [potion of mutation]
  7932 | D:10     | Noticed Snorg
  7941 | D:10     | Killed Snorg
  8008 | D:10     | Reached ***** piety under Okawaru
  8034 | D:10     | Received a gift from Okawaru
  8037 | D:10     | Reached skill level 15 in Stealth
  8080 | D:11     | Noticed a hill giant
  8106 | D:10     | Found a staircase to the Orcish Mines.
  8128 | D:10     | Killed a hill giant
  8231 | D:11     | Found Zyev's Antique Armour Shoppe.
  8878 | D:10     | Received a gift from Okawaru
  8882 | D:10     | Got an encrusted short sword {god gift}
  8883 | D:10     | Identified the +1 short sword "Uwkimnia" {flame, rPois Str+3 Int+6} (Okawaru gifted it to you on level 10 of the Dungeon)
  8934 | D:10     | Killed Josephine
  8934 | D:10     | Reached skill level 10 in Spellcasting
  9286 | D:11     | Noticed Psyche
  9377 | D:12     | Noticed an unseen horror
  9640 | D:11     | Reached skill level 16 in Stealth
  9740 | D:11     | Killed Psyche
  9740 | D:11     | Reached skill level 1 in Evocations
  9763 | D:11     | Found a staircase to the Lair.
  9777 | Lair:1   | Entered Level 1 of the Lair of Beasts
 10840 | Lair:1   | Reached XP level 12. HP: 54/54 MP: 27/27
 10854 | Lair:1   | Received a gift from Okawaru
 11002 | Lair:1   | Reached skill level 10 in Hexes
 11209 | Lair:2   | Learned a level 3 spell: Tukima's Dance
 11295 | Lair:2   | Noticed a death yak
 11296 | Lair:2   | Noticed a death yak
 11477 | Lair:2   | Noticed a death yak
 11481 | Lair:2   | Noticed a death yak
 11483 | Lair:2   | Noticed a death yak
 11484 | Lair:2   | Killed a death yak
 11531 | Lair:2   | Killed a death yak
 12003 | Lair:2   | Killed a death yak
 12003 | Lair:2   | Reached skill level 5 in Ice Magic
 12233 | Lair:3   | Received a gift from Okawaru
 12238 | Lair:3   | Reached ****** piety under Okawaru
 12248 | Lair:3   | Got a steaming rapier {god gift}
 12408 | Lair:3   | Reached skill level 17 in Stealth
 12586 | Lair:3   | Found a staircase to the Snake Pit.
 12589 | Lair:3   | Found a sparkling altar of Nemelex Xobeh.
 12923 | Lair:3   | Reached skill level 5 in Evocations
 13127 | Lair:3   | Reached skill level 10 in Dodging
 13319 | Lair:3   | Identified the +2 rapier of Qoderuck {pierce, rElec Int+2} (Okawaru gifted it to you on level 3 of the Lair of Beasts)
 13379 | Lair:4   | Noticed Arantyr's ghost (journeyman SpEn)
 13389 | Lair:4   | Killed Arantyr's ghost
 13389 | Lair:4   | Reached skill level 10 in Short Blades
 13764 | Lair:4   | Reached XP level 13. HP: 43/58 MP: 14/29
 14010 | Lair:4   | Noticed Malvoorn's ghost (journeyman TrMo)
 14022 | Lair:4   | Killed Malvoorn's ghost
 14326 | Lair:5   | Received a gift from Okawaru
 14500 | Lair:5   | Reached skill level 18 in Stealth
 15153 | Lair:5   | Found a staircase to the Swamp.
 15434 | Lair:6   | Received a gift from Okawaru
 15499 | Lair:6   | Found a staircase to the Slime Pits.
 15499 | Lair:6   | Found a viscous altar of Jiyva.
 15767 | Lair:6   | Noticed Rupert
 15770 | Lair:6   | Killed Rupert
 16581 | Lair:8   | Entered Level 8 of the Lair of Beasts
 16608 | Lair:7   | Received a gift from Okawaru
 16609 | Lair:7   | Got a faintly glowing arbalest {god gift}
 16610 | Lair:7   | Identified the +1 arbalest of the Radish {elec, MP+9 Str+7} (Okawaru gifted it to you on level 7 of the Lair of Beasts)
 16886 | Lair:7   | Reached skill level 19 in Stealth
 17631 | Lair:8   | Gained mutation: You are frail (-10% HP). [potion of mutation]
 17631 | Lair:8   | Gained mutation: You are very frail (-20% HP). [potion of mutation]
 17740 | Lair:8   | Reached XP level 14. HP: 10/53 MP: 1/31
 18039 | Lair:8   | Rolled over by a boulder beetle

Skill      XL: |  1  2  3  4  5  6  7  8  9 10 11 12 13 |
---------------+----------------------------------------+-----
Short Blades   | 2 3 4 5 6 7 9 10 11 | 11.4
Stealth        | 5 6 7 8 9 11 12 14 16 17 19 | 19.2
Spellcasting   | 3 4 5 6 8 9 10 11 12 | 12.2
Hexes          | 4 5 6 7 8 9 10 | 10.9
Ice Magic      | 1 2 3 4 5 |  5.3
Dodging        | 4 5 7 8 10 11 | 11.1
Fighting       | 1 2 4 |  4.6
Evocations     | 1 5 8 |  8.1
Conjurations   | |  0.4

Action                   |  1- 3 |  4- 6 |  7- 9 | 10-12 | 13-15 || total
-------------------------+-------+-------+-------+-------+-------++-------
Melee: Dagger            |    44 |   129 |   158 |   256 |       ||   587
       Quick blade       |       |       |       |   173 |   156 ||   329
 Cast: Ensorcelled Hiber |     9 |    48 |    81 |   133 |   126 ||   397
       Confuse           |       |     5 |    17 |    75 |     3 ||   100
       Dazzling Spray    |       |       |     4 |     8 |       ||    12
  Use: Potion            |       |     1 |     4 |     5 |     1 ||    11
       Scroll            |       |       |     7 |    19 |     2 ||    28
 Stab: Sleeping          |    22 |    52 |    65 |   139 |   102 ||   380
       Distracted        |       |     1 |     3 |     6 |     4 ||    14
       Confused          |       |     4 |    11 |    34 |     5 ||    54
       Invisible         |       |       |     1 |     5 |       ||     6
  Eat: Bread ration      |       |     1 |       |     1 |       ||     2
       Pizza             |       |       |     1 |       |       ||     1
       Fruit             |       |       |       |     6 |     9 ||    15
Armor: Robe              |     1 |    20 |     2 |    10 |     4 ||    37
       Skin              |       |       |       |    33 |       ||    33
Dodge: Dodged            |    24 |    82 |    79 |   202 |   140 ||   527
